 Dungeon Crawl Stone Soup version bcrawl-1.35.4b (webtiles) character file.

Game seed: 3713592192347652379

139140 Artagas the Stinger (level 7, 0/50 HPs)
             Began as a Merfolk Venom Mage on Jan 29, 2022.
             Slain by a gnoll sergeant
             ... wielding a +5 trident of piercing
              (3 damage)
             ... on level 5 of the Dungeon.
             The game lasted 00:22:20 (6113 turns).

Artagas the Stinger (Merfolk Venom Mage)            Turns: 6113, Time: 00:22:21

Health: 0/50       AC:  3    Str:  8    XL:     7   Next: 43%
Magic:  11/11      EV: 13    Int: 16    God:
Gold:   257        SH:  0    Dex: 12    Spells: 2/12 levels left

rFire    . . .     SeeInvis .   j - +0 dagger (venom)
rCold    . . .     Gourm    .   (no shield)
rNeg     . . .     Faith    .   a - +0 robe
rPois    .         Spirit   .   (no helmet)
rElec    .         Reflect  .   (no cloak)
rCorr    .                      v - +0 pair of gloves
MR       .....                  (no boots)
Stlth    ++........             u - amulet of rage
HPRegen  0.16/turn              g - -4 ring of dexterity
MPRegen  0.12/turn              (no ring)

@: hasted, very quick
A: change form in water, swift swim, stealthy swim
a: Evoke Berserk Rage


You were on level 5 of the Dungeon.
You were hungry.

You visited 1 branch of the dungeon, and saw 5 of its levels.

You collected 257 gold pieces.

Inventory:

Hand Weapons
 j - a +0 dagger of venom (weapon)
   (You found it on level 2 of the Dungeon)
 l - a +0 hunting sling
   (You took it off a goblin on level 2 of the Dungeon)
Missiles
 m - 290 sling bullets
 p - 95 poisoned tomahawks (quivered)
Armour
 a - a +0 robe (worn)
 v - a +0 pair of gloves (worn)
   (You found it on level 5 of the Dungeon)
Jewellery
 g - a -4 ring of dexterity (left hand)
   (You found it on level 1 of the Dungeon)
 i - an uncursed amulet of guardian spirit
   (You found it on level 1 of the Dungeon)
 u - an amulet of rage (around neck)
   (You found it on level 3 of the Dungeon)
Wands
 o - a wand of flame (12)
   (You found it on level 4 of the Dungeon)
 w - a wand of enslavement (10)
   (You found it on level 4 of the Dungeon)
Scrolls
 k - a scroll of enchant armour
 r - a scroll of identify
Potions
 b - 2 potions of lignification
 d - 2 potions of might
 f - a potion of degeneration
 h - a potion of haste
 n - a potion of ambrosia
 s - a potion of agility
Comestibles
 e - 5 rations {!d}


   Skills:
 - Level 2.0 Fighting
 - Level 3.0 Dodging
 - Level 2.4 Stealth
 + Level 3.2 Spellcasting
 - Level 1.0 Conjurations
 + Level 0.0 Summonings
 - Level 3.0 Transmutations
 - Level 2.0 Air Magic
 + Level 5.2 Poison Magic
 - Level 4.0 Evocations


You had 2 spell levels left.
You knew the following spells:

 Your Spells              Type           Power        Failure   Level  Hunger
a - Sting                 Conj/Pois      ##..         5%          1    None
b - Poisonous Vapours     Pois/Air       ##....       6%          2    #......
c - Ignite Poison         Fire/Tmut/Pois ##......     19%         3    ####...
d - Summon Scorpions      Summ/Pois      ##......     54%         4    #####..

Your spell library contained the following spells:

 Spells                   Type           Power        Failure   Level  Hunger
 Olgreb's Toxic Radiance  Pois           ###......    22%         4    #####..
 Venom Bolt               Conj/Pois      ##........   82%         5    ######.


Dungeon Overview and Level Annotations

Branches:
Dungeon (5/12)
 Temple: D:4-7

Altars:
Dithmenos
Ru
Vehumet

Shops:
D:5 (

Annotations:
D:3 1 runed door, exclusion: skeleton
D:4 exclusion: zombie
D:5 exclusion: upstairs, Menkaure


Message History

There is a stone staircase leading up, spattered with blood here.
You start resting.
HP restored.
Things that are here:
a +0 spear; a gnoll skeleton You now have 142 gold pieces (gained 15).
You now have 158 gold pieces (gained 16).
You now have 169 gold pieces (gained 11).
You now have 179 gold pieces (gained 10).
You now have 187 gold pieces (gained 8).
You now have 205 gold pieces (gained 18).
You now have 229 gold pieces (gained 24).
You now have 250 gold pieces (gained 21).
This spell is very dangerous to cast!
Memorise Summon Scorpions, consuming 4 spell levels and leaving 2?
You start memorising the spell.
You continue memorising. x4
You finish memorising.
Spell assigned to 'd'.
You now have 257 gold pieces (gained 7).
r - a scroll of identify;
w - a wand of enslavement (11)
You see here a +4 flail.
You butcher the gnoll corpse.
x - a chunk of flesh
Things that are here:
a +0 whip; a gnoll skeleton
Things that are here:
a +0 whip; a gnoll skeleton Eating a chunk of flesh.
You eat the chunk of flesh.
This raw flesh tastes terrible.
There is an entrance to Wonauteen's Antique Weapon Shop here.
Saving game... please wait.
Level annotation: exclusion: upstairs, Menkaure Welcome back, Artagas the Merfolk Venom Mage.
Press m to set your skill training.
Press ? for a list of commands and other information.
There is an entrance to Wonauteen's Antique Weapon Shop here.
You see here 143 stones.
You see here 122 arrows.
You see here a +0 whip.
You are feeling hungry.
Found an escape hatch in the floor.
You see here a robe.
Menkaure is too close now for your liking.
Menkaure shouts!
Press: ? - help, . - travel, g - get item You can't see that place. [Stash: a metal-bound book] [the floor.] Menkaure casts a spell.
Menkaure seems to speed up.
Menkaure calls on the powers of darkness!
Your body is wracked with pain!
Menkaure calls on the powers of darkness!
Your body is wracked with pain!
* * * LOW HITPOINT WARNING * * *
Really walk into that teleport trap?
You enter a teleport trap!
The teleport trap disappears.
Your surroundings suddenly seem different.
A hound, 2 gnolls, a gnoll shaman and a gnoll sergeant come into view.
The gnoll sergeant is wielding a +5 trident of piercing.
The gnoll shouts!
The gnoll sergeant shouts!
The gnoll shaman shouts!
You hear a shout!
You hear an angry growl.
The gnoll throws a stone.
The stone hits you.
* * * LOW HITPOINT WARNING * * *
The gnoll shouts!
Okay, then.
You feel yourself speed up.
The hound barks!
You hear a bark!
You hear a shout! x2
The gnoll throws a throwing net.
The throwing net closely misses you.
Okay, then.
Okay, then.
Okay, then.
As you read the scroll labeled ZITOORCH OFIKH, it crumbles to dust.
The creatures around you are filled with an inner flame!
It was a scroll of immolation.
The gnoll throws a stone.
The stone closely misses you.
Okay, then.
As you read the scroll labeled NOERUA NOUNI, it crumbles to dust.
You feel aware of your surroundings.
It was a scroll of magic mapping.
The gnoll throws a stone.
The stone closely misses you.
The gnoll sergeant hits you from afar with a +5 trident of piercing!
* * * LOW HITPOINT WARNING * * *
* * * LOW HITPOINT WARNING * * *
The gnoll closely misses you.
The gnoll shaman calls upon its god to speed up the gnoll sergeant.
The gnoll sergeant seems to speed up.
Okay, then.
Okay, then.
You feel better.
Cast which spell? (? or * to list)
Okay, then.
Okay, then.
Okay, then.
Evoke which item? (* to show all) (? for menu, Esc to quit)
Aiming: Enslavement
Press: ? - help, Shift-Dir - straight line, f - gnoll
Aim: a gnoll, quivering 2 throwing nets (inner flame, chance to defeat MR: 67%)
The gnoll is charmed.
The gnoll sergeant hits you from afar with a +5 trident of piercing.
* * * LOW HITPOINT WARNING * * *
Ssssck.
You die...

*,,,,,,,,*****,,,,,,,##.
*#...########...,,,,,,*#÷
*...............,,,,,,*#.
*.8...g....#....,,,,,,*#.
*....≈≈≈≈≈≈....#,*,,,,,#.
*...............,,',,,,#.
*.........g....#,,',,,,#.
*....≈≈≈≈≈≈h....,,,,,,,#.
*.8....g@.g#,,,,,,,,,,*#.
*...#.#####.....,,,,,,*#.
***,,********...,,,,,**#.
*,,,,,,,****,.,,,,**##.
*******,,*****#######..
*,,,,,,,.........
****,**,.....##..
*********,,,,.........
*,,,,,,,,,,,,w........


You could see a gnoll sergeant (inner flame), a gnoll shaman (inner flame), a
hound (inner flame), a gnoll (inner flame) and a friendly gnoll (inner flame).

Vanquished Creatures
  A howler monkey (D:5)
  2 electric eels (D:4)
  An orc priest (D:3)
  2 hounds
  A gnoll shaman (D:5)
  An iguana (D:5)
  An orc wizard (D:5)
  4 worker ants (D:5)
  4 gnolls (D:5)
  7 adders
  An ooze (D:1)
  An adder zombie (D:4)
  2 worms (D:2)
  A dart slug (D:3)
  7 leopard geckos
  18 orcs
  2 giant cockroaches
  4 hobgoblins
  6 jackals
  9 kobolds
  A quokka (D:4)
  A ball python (D:2)
  4 bats (D:1)
  6 frilled lizards
  4 goblins
  A rat (D:1)
92 creatures vanquished.

Vanquished Creatures (others)
  A gnoll (D:5)
  5 toadstools (D:5)
6 creatures vanquished.

Grand Total: 98 creatures vanquished

Notes
Turn   | Place    | Note
-------+----------+-------------------------------------------
     0 | D:1      | Artagas the Merfolk Venom Mage began the quest for the Orb.
     0 | D:1      | Reached XP level 1. HP: 13/13 MP: 3/3
   105 | D:1      | Reached skill level 1 in Conjurations
   165 | D:1      | Reached skill level 3 in Dodging
   165 | D:1      | Reached XP level 2. HP: 20/20 MP: 1/5
   231 | D:1      | Reached skill level 1 in Fighting
   615 | D:1      | Learned a level 2 spell: Poisonous Vapours
   781 | D:1      | Reached XP level 3. HP: 13/26 MP: 0/6
  1152 | D:2      | Learned a level 3 spell: Ignite Poison
  1256 | D:2      | Found a radiant altar of Vehumet.
  1445 | D:2      | Reached skill level 2 in Fighting
  1445 | D:2      | Reached skill level 4 in Poison Magic
  1490 | D:2      | Reached skill level 1 in Air Magic
  1532 | D:2      | Found a shadowy altar of Dithmenos.
  1912 | D:3      | Reached XP level 4. HP: 33/33 MP: 2/7
  2539 | D:3      | Reached XP level 5. HP: 27/38 MP: 4/8
  2602 | D:3      | Reached skill level 2 in Air Magic
  2944 | D:3      | Reached skill level 5 in Poison Magic
  3035 | D:3      | Found a runed door.
  3383 | D:4      | Reached skill level 1 in Transmutations
  3695 | D:4      | Found a transporter.
  4407 | D:4      | Reached skill level 2 in Transmutations
  4407 | D:4      | Reached XP level 6. HP: 19/44 MP: 9/9
  4542 | D:4      | Found a transporter.
  4566 | D:4      | Reached skill level 3 in Spellcasting
  4566 | D:4      | Reached skill level 3 in Transmutations
  4619 | D:4      | Found a sacrificial altar of Ru.
  4774 | D:5      | Entered Level 5 of the Dungeon
  4782 | D:5      | Reached skill level 1 in Evocations
  4783 | D:5      | Noticed an ice beast
  5090 | D:5      | Reached skill level 2 in Evocations
  5144 | D:5      | Reached skill level 3 in Evocations
  5144 | D:5      | Reached XP level 7. HP: 41/50 MP: 4/11
  5176 | D:5      | Noticed Menkaure
  5616 | D:5      | Reached skill level 4 in Evocations
  5927 | D:5      | Learned a level 4 spell: Summon Scorpions
  5940 | D:5      | Found Wonauteen's Antique Weapon Shop.
  6111 | D:5      | HP: 3/50 [gnoll sergeant/+5 trident of piercing (10)]
  6111 | D:5      | HP: 1/50 [gnoll sergeant/+5 trident of piercing (2)]
  6113 | D:5      | Slain by a gnoll sergeant

Skill      XL: |  1  2  3  4  5  6  7 |
---------------+----------------------+-----
Conjurations   | 1 |  1.0
Dodging        | 3 |  3.0
Fighting       | 1 2 |  2.0
Poison Magic   | 4 5 |  5.2
Air Magic      | 1 2 |  2.0
Transmutations | 2 3 |  3.0
Spellcasting   | 3 |  3.2
Evocations     | 3 4 |  4.0
Stealth        | |  2.4

Action                   |  1- 3 |  4- 6 |  7- 9 || total
-------------------------+-------+-------+-------++-------
Melee: Dagger            |    12 |    79 |    42 ||   133
       Unarmed           |     5 |       |       ||     5
Throw: Tomahawk          |       |     8 |    10 ||    18
 Cast: Sting             |    53 |    23 |     2 ||    78
       Poisonous Vapours |    15 |    46 |    15 ||    76
       Ignite Poison     |       |     4 |     2 ||     6
Evoke: Wand              |       |     1 |     2 ||     3
  Use: Scroll            |     8 |     5 |     2 ||    15
       Potion            |     1 |       |     2 ||     3
  Eat: Chunk             |     5 |    17 |     7 ||    29
Armor: Robe              |     3 |    14 |     8 ||    25
Dodge: Dodged            |    24 |    58 |    36 ||   118

Levels and vault maps discovered:
D:1:      minmay_arrival_semitransparent, layout_basic
D:2:      layout_loops_ring, lemuel_coloured_pillars_altar, first_ration,
          nicolae_dithmenos_shadow_blocks
D:3:      layout_basic, kennysheep_boxes, uniq_crazy_yiuf_cottage
D:4:      gammafunk_steamed_eel, layout_basic, old_standard_altar
D:5:      layout_cave_pools, serial_gnoll_camp, gnoll_camp_mini_shop,
          grums_kennel, gnoll_camp_mini_basic, gnoll_camp_medium_01,
          minmay_gold_behind_fungi, uniq_menkaure

Table legend:
 A = Turns spent in this place as a percentage of turns spent in the entire game.
 B = Non-inter-level travel turns spent in this place as a percentage of non-inter-level travel turns spent in the entire game.
 C = Inter-level travel turns spent in this place as a percentage of turns spent in this place.
 D = Turns resting spent in this place as a percentage of non-inter-level travel turns spent in this place.
 E = Turns spent auto-exploring this place as a percentage of non-inter-level travel turns spent in this place.
 F = Non-inter-level travel turns spent in this place divided by the number of levels of this place that you've seen.
                   A       B       C       D       E      F
               +-------+-------+-------+-------+-------+----------------------
         Total | 100.0 | 100.0 |   4.4 |  24.3 |  48.4 | 1169.4
       Dungeon | 100.0 | 100.0 |   4.4 |  24.3 |  48.4 | 1169.4
               +-------+-------+-------+-------+-------+----------------------

Table legend:
 A = Kills in this place as a percentage of kills in entire the game.
 B = Kills by you in this place as a percentage of kills by you in the entire game.
 C = Kills by friends in this place as a percentage of kills by friends in the entire game.
 D = Other kills in this place as a percentage of other kills in the entire game.
 E = Experience gained in this place as a percentage of experience gained in the entire game.
 F = Experience gained in this place divided by the number of levels of this place that you have seen.
                   A       B       C       D       E      F
               +-------+-------+-------+-------+-------+----------------------
         Total | 100.0 | 100.0 |   N/A | 100.0 | 100.0 | 174.0
       Dungeon | 100.0 | 100.0 |   N/A | 100.0 | 100.0 | 174.0
               +-------+-------+-------+-------+-------+----------------------
